 Dungeon Crawl Stone Soup version 0.29.1 (webtiles) character file.

Game seed: 17057228680649830475

28 wakxed the Trooper (level 3, -1/29 HPs)
             Began as a Demonspawn Abyssal Knight on Sept 13, 2022.
             Was a Believer of Lugonu.
             Frozen to death by an endoplasm (2 damage)
             ... on level 1 of the Dungeon.
             The game lasted 00:04:31 (1103 turns).

wakxed the Trooper (Demonspawn Abyssal Knight)      Turns: 1103, Time: 00:04:33

Health: -1/29      AC:  7    Str: 15    XL:     3   Next: 0%
Magic:  4/4        EV:  8    Int: 11    God:    Lugonu [**....]
Gold:   6          SH:  7    Dex: 13    Spells: 2/2 levels left

rFire   . . .      SeeInvis .   a - +1 hand axe
rCold   . . .      Faith    .   d - +0 kite shield
rNeg    . . .      Spirit   .   c - +0 ring mail
rPois   .          Reflect  .   (no helmet)
rElec   .          Harm     .   (no cloak)
rCorr   .          Rampage  .   (no gloves)
Will    .....                   (no boots)
Stlth   +.........              (no amulet)
HPRegen 0.09/turn               (no ring)
MPRegen 0.09/turn               (no ring)

@: no status effects
A: yellow scales 1
a: Renounce Religion, Depart the Abyss, Bend Space


You were on level 1 of the Dungeon.
You worshipped Lugonu.
Lugonu was pleased with you.
You visited 1 branch of the dungeon, and saw 1 of its levels.
You visited the Abyss 1 time.

You collected 6 gold pieces.

Inventory:

Hand Weapons
 a - a +1 hand axe (weapon)
Armour
 c - a +0 ring mail (worn)
 d - a +0 kite shield (worn)
Scrolls
 b - a scroll of noise
 e - a scroll of teleportation {unknown}
Potions
 f - a potion of heal wounds {unknown}
 g - 2 potions of curing {unknown}
 h - a potion of attraction {unknown}
 i - a potion of flight {unknown}


   Skills:
 * Level 3.3 Fighting
 * Level 2.2 Axes
 * Level 2.1 Armour
 - Level 1.1 Dodging
 * Level 0.4 Shields
 - Level 2.4 Invocations


You had 2 spell levels left.
You didn't know any spells.
Your spell library was empty.

Dungeon Overview and Level Annotations

Branches:
Dungeon (1/15)

Altars:


Innate Abilities, Weirdness & Mutations

You are partially covered in yellow scales. (AC +2)


Message History

You block the quokka's attack.
The quokka bites you but does no damage.
You hit the quokka.
You kill the quokka!
Lugonu accepts your kill. The endoplasm freezes you.
You are frozen.
You have reached level 3!
Your experience leads to an increase in your attributes!
Increase (S)trength, (I)ntelligence, or (D)exterity?
You feel stronger. x2
You are too injured to fight recklessly!
You are too injured to fight recklessly!
You are too injured to fight recklessly!
You are too injured to fight recklessly!
You hit the endoplasm but do no damage. The endoplasm freezes you.
You are frozen.
You hit the endoplasm.
The endoplasm is lightly wounded.
You block the endoplasm's attack.
You barely miss the endoplasm.
The endoplasm is lightly wounded.
The endoplasm freezes you.
You are frozen.
* * * LOW HITPOINT WARNING * * *
You block the endoplasm's attack.
You hit the endoplasm.
The endoplasm is heavily wounded.
The endoplasm freezes you.
You are frozen.
* * * LOW HITPOINT WARNING * * *
You hit the endoplasm.
The endoplasm is almost dead.
The endoplasm freezes you.
You are frozen.
* * * LOW HITPOINT WARNING * * *
The endoplasm freezes you.
You are frozen.
You die...

## .. #################.
#...............#.
#@#############.#.
######J###########...#.
#[.....................
######J>....................
.........##.###########.###.
.####....##.# #....#.
#.#.###... #..###. #.#.#
#.....######..# #. . #.#
#.$...g.......# #.


You could see an endoplasm.

Vanquished Creatures
  3 ball pythons (D:1)
  4 bats (D:1)
  2 giant cockroaches (D:1)
  4 goblins (D:1)
  5 hobgoblins (D:1)
  A quokka (D:1)
  A frilled lizard (D:1)
  2 kobolds (D:1)
  2 rats (D:1)
24 creatures vanquished.

Notes
Turn   | Place    | Note
-------+----------+-------------------------------------------
     0 | Abyss:1  | wakxed the Demonspawn Abyssal Knight began the quest for
                  | the Orb.
     0 | Abyss:1  | Reached XP level 1. HP: 18/18 MP: 2/2
     1 | D:1      | Escaped the Abyss
    52 | D:1      | Reached skill level 1 in Dodging
   456 | D:1      | Gained mutation: You are partially covered in yellow
                  | scales. (AC +2) [demonic ancestry]
   456 | D:1      | Reached XP level 2. HP: 22/24 MP: 3/3
  1099 | D:1      | Reached XP level 3. HP: 14/29 MP: 4/4
  1103 | D:1      | HP: 1/29 [frozen (2)]
  1103 | D:1      | Frozen to death by an endoplasm

Illustrated notes

Levels and vault maps discovered:
D:1:      sevenhm_arrival_forest_fort_small_6, layout_basic

Skill      XL: |  1 |
---------------+----+-----
Dodging        | 1 |  1.1
Axes           | 2 |  2.2
Armour         | 2 |  2.1
Fighting       | |  3.3
Shields        | |  0.4
Invocations    | |  2.4

Action                   || total
-------------------------++-------
Melee: Hand axe          ||   101
Throw: Stone             ||     2
  Use: Scroll            ||     1
Armor: Ring mail         ||    55
Dodge: Dodged            ||    49
Block: Kite shield       ||    32
